 Dungeon Crawl Stone Soup version 0.22-a0-458-gb446440 (webtiles) character file.

116 4thArraOfDagon the Skirmisher (level 5, 0/47 HPs)
             Began as a Hill Orc Fighter on June 8, 2018.
             Slain by a worm (5 damage)
             ... on level 4 of the Dungeon.
             The game lasted 00:01:44 (365 turns).

4thArraOfDagon the Skirmisher (Hill Orc Fighter)     Turns: 365, Time: 00:01:45

Health: 0/47       AC:  8    Str: 18 (19) XL:     5   Next: 0%
Magic:  5/5        EV: 10    Int:  7 (9)  God:
Gold:   0          SH:  0    Dex:  7 (10) Spells: 4/4 levels left

rFire    . . .     SeeInvis .   a - +0 long sword
rCold    . . .     Gourm    .   (no shield)
rNeg     . . .     Faith    .   b - +0 scale mail
rPois    .         Spirit   .   (no helmet)
rElec    .         Reflect  .   (no cloak)
rCorr    .         Harm     .   c - +0 pair of gloves
MR       .....                  (no boots)
Stlth    ..........             (no amulet)
HPRegen  0.15/turn              (no ring)
MPRegen  0.09/turn              (no ring)

@: no status effects
A: no striking features
a: no special abilities


You were on level 4 of the Dungeon.
You were not hungry.

You visited 1 branch of the dungeon, and saw 4 of its levels.

Inventory:

Hand Weapons
 a - a +0 long sword (weapon)
Armour
 b - a +0 scale mail (worn)
 c - a +0 pair of gloves (worn)
Comestibles
 f - a ration


   Skills:
 + Level 4.6 Fighting
 * Level 4.2 Long Blades
 - Level 3.2 Armour
 + Level 1.4 Dodging
   Level 3.2 Shields


You had 4 spell levels left.
You didn't know any spells.
Your spell library was empty.

Dungeon Overview and Level Annotations

Branches:
Dungeon (4/15)
 Temple: D:4-7

Altars:

Annotations:
D:3 4thArraOfDagon's ghost, amateur HOFi


Message History

The quokka twitches its whiskers.
The quokka bites you but does no damage.
The worm bites you.
* * * LOW HITPOINT WARNING * * *
The quokka bites you.
* * * LOW HITPOINT WARNING * * *
You hit the worm.
The worm is moderately wounded.
The quokka bites you but does no damage.
The worm barely misses you.
Unknown command.
You hit the worm.
The worm is heavily wounded.
The quokka barely misses you.
You riposte.
You hit the quokka but do no damage. The quokka misses you.
Unknown command.
You barely miss the worm.
The worm is heavily wounded.
The worm bites you.
You die...

#.......(#
#........#
#........#
#........#
#........# #
#........#
#.###l.......#
#.w@rO.....<.#
#####O.......#
##########


You could see 2 ogres, a worm, an iguana and a quokka.

Vanquished Creatures
  Ijyb (D:3)
  Terence (D:2)
  An adder (D:2)
  4 gnolls (D:3)
  A worm (D:2)
  A leopard gecko (D:2)
  An orc (D:3)
  A bat (D:2)
  2 hobgoblins
  A kobold (D:2)
  A quokka (D:3)
  A goblin (D:2)
  A rat (D:2)
17 creatures vanquished.

Notes
Turn   | Place    | Note
-------+----------+-------------------------------------------
     0 | D:1      | 4thArraOfDagon the Hill Orc Fighter began the quest for the Orb.
     0 | D:1      | Reached XP level 1. HP: 19/19 MP: 1/1
   175 | D:2      | Reached XP level 2. HP: 8/27 MP: 2/2
   202 | D:2      | Noticed Terence
   230 | D:2      | Killed Terence
   230 | D:2      | Reached XP level 3. HP: 13/33 MP: 3/3
   249 | D:3      | Noticed Ijyb
   273 | D:3      | Killed Ijyb
   273 | D:3      | Reached skill level 1 in Dodging
   273 | D:3      | Reached XP level 4. HP: 34/41 MP: 4/4
   318 | D:3      | Noticed 4thArraOfDagon's ghost (amateur HOFi)
   333 | D:3      | Reached XP level 5. HP: 36/47 MP: 5/5
   350 | D:4      | Noticed an ogre
   350 | D:4      | Noticed an ogre
   365 | D:4      | Slain by a worm

Vault maps used:
D:1:      evilmike_arrival_fibonacci_small
D:2:      first_ration, uniq_terence
D:3:      uniq_ijyb
D:4:      minmay_bisected, uniq_menkaure

Skill      XL: |  1  2  3  4 |
---------------+-------------+-----
Fighting       | 4 |  4.6
Long Blades    | 3 4 |  4.2
Dodging        | 1 |  1.4
Armour         | |  3.2
Shields        | |  3.2

Action                   |  1- 3 |  4- 6 || total
-------------------------+-------+-------++-------
Melee: Long sword        |    63 |    13 ||    76
Evoke: Wand              |       |    12 ||    12
  Use: Potion            |     2 |     1 ||     3
Armor: Scale mail        |    27 |    12 ||    39
Dodge: Dodged            |    40 |    20 ||    60
       Rpst.: Long sword |    14 |     8 ||    22

Table legend:
 A = Spawn XP
 B = Non-spawn XP
 C = Spawn XP percentage of total XP
 D = Spawn monster count
 E = Non-spawn monster count
 F = Spawn count percentage of total count
 G = Total turns spent on level
                    A         B        C        D         E        F      G
               +---------+---------+-------+---------+---------+-------+---------
         Total |       0 |     166 |   0.0 |       0 |      17 |   0.0 |   365
               +---------+---------+-------+---------+---------+-------+---------
           D:1 |       0 |       2 |   0.0 |       0 |       1 |   0.0 |    85
           D:2 |       0 |      66 |   0.0 |       0 |       9 |   0.0 |   163
           D:3 |       0 |      98 |   0.0 |       0 |       7 |   0.0 |   102
               +---------+---------+-------+---------+---------+-------+---------
